AoeStats
← Atmaca3307

Arabia

509727892Analyzed
1v1 RM · 3d ago on Sep 27, 2026· 53m 55s· 2 players
Game mode
Random Map
Map size
Tiny (2 player)
Population
200
Speed
Normal
Resources
Standard
Victory
Conquest
Starting age
Dark Age
Ending age
Imperial Age
RankedLock teamsTeams togetherTeam positionsShared explorationLock speedFull tech treeHidden civsTurbo modeCheats
Victory
Defeat
🇹🇷 Turks · Türkiye
283
+18
🇧🇷 Bohemians · Brazil
335
-18
Atmaca3307
13:13 Feudal Age
14:31 Wheelbarrow
13:45 Double-Bit Axe
13:49 Horse Collar
19:17 Gold Mining
20:11 Bloodlines
20:38 Scale Mail Armor
21:54 Scale Barding Armor
22:26 Forging
25:34 Stone Mining
27:49 Castle Age
28:08 Padded Archer Armor
27:59 Fletching
28:56 Chain Mail Armor
29:01 Chain Barding Armor
29:17 Iron Casting
29:02 Hand Cart
29:13 Bow Saw
29:13 Husbandry
30:09 Heavy Plow
31:11 Gold Shaft Mining
32:57 Leather Archer Armor
42:55 Imperial Age
41:16 Bodkin Arrow
41:46 Ballistics
41:16 Heated Shot
41:07 Treadmill Crane
43:25 Cavalier
44:40 Plate Mail Armor
44:46 Plate Barding Armor
45:14 Blast Furnace
44:15 Bracer
44:46 Ring Archer Armor
49:45 Arrowslits
49:51 Guard Tower
49:57 Murder Holes
jhimy007
11:10 Feudal Age
11:59 Horse Collar
13:21 Double-Bit Axe
15:26 Wheelbarrow
17:53 Town Watch
19:48 Fletching
19:59 Padded Archer Armor
27:46 Castle Age
28:35 Bodkin Arrow
28:56 Leather Archer Armor
32:47 Hand Cart
33:02 Scale Barding Armor
34:56 Scale Mail Armor
40:17 Chemistry
39:29 Fortified Wall
39:43 Chain Mail Armor
39:49 Chain Barding Armor
40:57 Town Patrol
40:43 Loom
40:56 Crossbowman
44:43 Imperial Age
45:53 Ballistics
47:44 Arbalester
51:13 Ring Archer Armor
50:44 Bracer
Connection lost

Rejoining the realm…

Still unreachable

The connection could not be restored.

Session expired

The server has moved on; the page needs a fresh start.